 Dungeon Crawl Stone Soup version 0.18.1-48-g4cf74bf (webtiles) character file.

346 GameOver the Changer (level 6, 0/51 HPs)
             Began as a Naga Transmuter on Sept 11, 2016.
             Slain by Duvessa
             ... wielding a +0 short sword
              (2 damage)
             ... on level 4 of the Dungeon.
             The game lasted 00:13:42 (2203 turns).

GameOver the Changer (Naga Transmuter)              Turns: 2203, Time: 00:13:44

Health: 0/51       AC:  2    Str: 12    XL:     6   Next: 59%
Magic:  4/9        EV: 19    Int: 15    God:
Gold:   131        SH:  0    Dex: 17    Spells: 3 memorised, 3 levels left

rFire  . . .     SeeInvis +       - Unarmed
rCold  . . .     Gourm    .     (armour currently unavailable)
rNeg   . . .     Faith    .     (shield currently unavailable)
rPois  x         Spirit   .     (helmet currently unavailable)
rElec  .         Dismiss  .     (cloak currently unavailable)
rCorr  .         Reflect  .     (gloves currently unavailable)
SustAt .         Harm     .     (no barding)
MR     .....                    (no amulet)
Stlth  ++........               (no ring)
                                (no ring)

@: short of breath, spider-form, not resistant to hostile enchantments,
unstealthy
A: see invisible, (deformed body), (poison resistance), (slowness 0), slow
metabolism 1, spit poison 2, AC +2
a: Spit Poison, End Transformation


You were on level 4 of the Dungeon.
You were not hungry.
You were a venomous arachnid creature.
You visited 1 branch of the dungeon, and saw 4 of its levels.

You collected 131 gold pieces.

Inventory:

Hand Weapons
 e - a +0 dagger
Missiles
 a - 52 arrows
Armour
 b - a +0 cloak (melded)
 h - a +0 pair of gloves (melded)
 y - a +0 helmet of intelligence (melded)
 B - a +2 robe of magic resistance (melded)
Scrolls
 i - 6 scrolls of identify {unknown}
 p - a scroll of immolation {unknown}
 q - a scroll of remove curse {unknown}
 r - a scroll of blinking {unknown}
 s - a scroll of enchant armour {unknown}
 t - 2 scrolls of enchant weapon {unknown}
 w - a scroll of random uselessness {unknown}
 A - a scroll of teleportation {unknown}
Potions
 f - 2 potions of magic {unknown}
 j - 3 potions of curing {unknown}
 k - 3 potions of brilliance {unknown}
 m - 2 potions of degeneration {unknown}
 n - a potion of flight {unknown}
 o - a potion of heal wounds {unknown}
 u - a potion of invisibility {unknown}
Books
 c - a book of Changes

   Spells                             Type                      Level
   a - Beastly Appendage              Transmutation                1
   b - Sticks to Snakes               Transmutation                2
   c - Spider Form                    Transmutation/Poison         3
   d - Ice Form                       Ice/Transmutation            4
   e - Blade Hands                    Transmutation                5
Comestibles
 d - 7 bread rations
 g - 2 beef jerkies
 v - a fruit
 x - a slice of pizza
 z - 2 chunks of flesh


   Skills:
 - Level 1.0 Fighting
 - Level 1.5 Dodging
 + Level 3.3 Unarmed Combat
 - Level 2.0 Spellcasting
 + Level 5.8 Transmutations
 + Level 3.9 Poison Magic


You had 3 spell levels left.
You knew the following spells:

 Your Spells              Type           Power        Failure   Level  Hunger
a - Beastly Appendage     Trmt           ###...       8%          1    #......
b - Sticks to Snakes      Trmt           ###.....     12%         2    ###....
c - Spider Form           Trmt/Pois      ###.......   28%         3    ###....


Dungeon Overview and Level Annotations

Branches:
Dungeon (4/15)
 Temple: D:4-7

Altars:

Annotations:
D:4 Duvessa


Innate Abilities, Weirdness & Mutations

You cannot wear boots.
((Your serpentine skin is tough (AC +2).))
You have supernaturally acute eyesight.
((Armour fits poorly on your strangely shaped body.))
((Your system is resistant to poisons.))
((You cover ground very slowly.))
You have a slow metabolism.
You can spit poison.


Message History

You hit Duvessa.
Duvessa is heavily wounded.
Duvessa closely misses you.
Your adder bites Duvessa.
Your adder poisons Duvessa!
Your adder barely misses Duvessa.
Duvessa hits you with a short sword!
Unknown command.
Press: ? - help, Shift-Dir - straight line, f/p - Duvessa
Aim: Duvessa, wielding a short sword and wearing a scale mail (severely wounded, berserk, fast, unusually strong, poisoned)
The splash of poison hits Duvessa.
Duvessa appears unharmed.
Duvessa is severely wounded.
You feel slightly more hungry. Duvessa hits you with a short sword.
* * * LOW HITPOINT WARNING * * *
Your adder barely misses Duvessa.
You barely miss Duvessa.
Duvessa is severely wounded.
Duvessa hits you with a short sword!
* * * LOW HITPOINT WARNING * * *
Your adder bites Duvessa but does no damage.
Duvessa hits you with a short sword.
You die...

.. ##.## #... #..#
#..# #..# .....S #..#
### ...... #..#####.#
...... #Ss#.....#
......##e....##.#
.....#.##..##.#
...#.##..##.#
#.#)##..##.#.#
#...##..##.#.#
####..##..##.#.####
.............>.#.....
#####....).<......#


You could see Duvessa (berserk) and a friendly adder.

Vanquished Creatures
  An ogre (D:3)
  Blork the orc (D:4)
  Dowan (D:4)
  A howler monkey (D:4)
  A gnoll (D:1)
  4 adders
  2 oozes
  5 dart slugs
  3 giant geckos
  An orc (D:3)
  5 bats
  4 giant cockroaches
  6 hobgoblins
  A quokka (D:3)
  A ball python (D:3)
  3 giant newts
  7 goblins
  6 kobolds
  6 rats
59 creatures vanquished.

Notes
Turn   | Place    | Note
--------------------------------------------------------------
     0 | D:1      | GameOver the Naga Transmuter began the quest for the Orb.
     0 | D:1      | Reached XP level 1. HP: 18/18 MP: 3/3
   201 | D:1      | Reached XP level 2. HP: 22/25 MP: 3/5
   205 | D:1      | Learned a level 2 spell: Sticks to Snakes
   254 | D:1      | Reached skill level 3 in Transmutations
   357 | D:1      | Reached XP level 3. HP: 18/31 MP: 6/6
   774 | D:2      | Found a faded altar to an unknown god.
   794 | D:2      | Reached skill level 4 in Transmutations
   920 | D:2      | Reached XP level 4. HP: 29/38 MP: 5/7
  1752 | D:3      | Learned a level 3 spell: Spider Form
  1807 | D:3      | Noticed an ogre
  1819 | D:3      | Killed an ogre
  1819 | D:3      | Reached skill level 5 in Transmutations
  1819 | D:3      | Reached XP level 5. HP: 27/44 MP: 5/8
  1966 | D:4      | Reached XP level 6. HP: 50/51 MP: 2/9
  1967 | D:4      | Noticed Dowan
  1982 | D:4      | Killed Dowan
  2027 | D:4      | Noticed Duvessa
  2057 | D:4      | Noticed Blork the orc
  2074 | D:4      | Killed Blork the orc
  2203 | D:4      | HP: 2/51 [Duvessa/short sword (12)]
  2203 | D:4      | Slain by Duvessa

Skill      XL: |  1  2  3  4  5 |
---------------+----------------+-----
Transmutations | 3 4 5 |  5.8
Poison Magic   | 2 3 |  3.9
Fighting       | |  1.0
Dodging        | |  1.5
Unarmed Combat | |  3.3
Spellcasting   | |  2.0

Action                   |  1- 3 |  4- 6 || total
-------------------------+-------+-------++-------
Melee: Unarmed           |    54 |    79 ||   133
       Headbutt          |     8 |     4 ||    12
 Cast: Beastly Appendage |    12 |     7 ||    19
       Spider Form       |       |     5 ||     5
       Sticks to Snakes  |       |     3 ||     3
 Abil: Spit Poison       |    31 |    29 ||    60
       End Transformatio |       |     1 ||     1
  Eat: Chunk             |     2 |     6 ||     8
Armor: Robe              |    15 |       ||    15
       Leather armour    |    13 |    22 ||    35
       Skin              |       |     1 ||     1
Dodge: Dodged            |    28 |    55 ||    83
